 Dungeon Crawl Stone Soup version 0.30-a0-972-gf3ab3527aa (webtiles) character file.

Game seed: 1876942412633449108

2499 mopl the Cleaver (level 9, -1/54 (63) HPs)
             Began as a Demonspawn Fighter on Mar 31, 2023.
             Slain by a gnoll
             ... wielding a +1 halberd of electrocution
              (15 damage)
             ... in a bailey.
             The game lasted 00:10:45 (6240 turns).

mopl the Cleaver (Demonspawn Fighter)               Turns: 6240, Time: 00:10:46

HP:   -1/54 (63)    AC: 16    Str: 20    XL:     9   Next: 28%
MP:   9/9           EV:  3    Int: 11    God:
Gold: 310           SH:  4    Dex: 12    Spells: 8/8 levels left

rFire   + . .      SeeInvis .    g - +0 war axe (elec)
rCold   + . .      Faith    .    c - +0 buckler
rNeg    . . .      Spirit   .    m - +0 gold dragon scales
rPois   +          Reflect  .    (helmet restricted)
rElec   .          Rampage  .    (no cloak)
rCorr   .                        u - +0 pair of gloves
Will    .....                    (no boots) Stlth
                                 (no amulet)
HPRegen 0.29/turn                (no ring)
MPRegen 0.11/turn                (no ring)

@: heavily drained
A: horns 2, powered by death 2, sturdy frame 1
a: no special abilities


You were in a bailey.
You visited 2 branches of the dungeon, and saw 8 of its levels.
You also visited: Sewer and Bailey.

You collected 310 gold pieces.

Inventory:

Hand Weapons
 a - a +5 vampiric triple sword
 g - a +0 war axe of electrocution (weapon)
 B - a +1 hand axe of freezing
 E - a +2 battleaxe
 F - the +4 halberd "Waick" {heavy, Str+2}
   (You found it on level 7 of the Dungeon)

   Str:       It affects your strength (+2).
 G - a +2 heavy spear
Missiles
 o - 11 poisoned darts (quivered)
Armour
 b - a +0 scale mail
 c - a +0 buckler (worn)
 m - +0 gold dragon scales (worn)
 u - a +0 pair of gloves (worn)
Magical Staves
 C - a staff of poison
Wands
 p - a wand of roots (2)
 v - a wand of paralysis (7)
 A - a wand of polymorph (7)
Scrolls
 e - 2 scrolls of enchant weapon {unknown}
 h - 3 scrolls of teleportation
 i - 2 scrolls of immolation {unknown}
 j - 2 scrolls of brand weapon
 n - 2 scrolls of blinking
 q - 3 scrolls of amnesia {unknown}
 s - a scroll of fear {unknown}
 t - a scroll of noise {unknown}
 x - 5 scrolls of identify {unknown}
 y - a scroll of torment {unknown}
 D - a scroll of vulnerability {unknown}
Potions
 d - 2 potions of might
 f - a potion of curing
 k - 3 potions of haste {unknown}
 l - 2 potions of attraction {unknown}
 r - 2 potions of lignification {unknown}
 w - a potion of berserk rage {unknown}
 z - a potion of brilliance {unknown}
 H - a potion of cancellation {unknown}
 I - a potion of magic {unknown}


   Skills:
 - Level 3.0 Fighting
 * Level 3.7 Long Blades
 - Level 10.1 Axes
 - Level 5.2 Armour
 - Level 2.6 Shields


You had 8 spell levels left.
You didn't know any spells.
Your spell library contained the following spells:

 Spells                   Type           Power      Damage    Failure   Level
 Beastly Appendage        Tmut           0%         N/A       100%        1
 Wereblood                Tmut           0%         N/A       100%        2
 Dazzling Flash           Conj/Hex       0%         N/A       100%        3
 Portal Projectile        Hex/Tloc       0%         N/A       100%        3
 Spider Form              Tmut/Pois      0%         N/A       100%        3
 Tukima's Dance           Hex            0%         N/A       100%        3
 Iskenderun's Mystic Bla  Conj/Tloc      0%         2d3       100%        4
 Blade Hands              Tmut           0%         N/A       100%        5
 Starburst                Conj/Fire      0%         6d3       100%        6


Dungeon Overview and Level Annotations

Branches:
Dungeon (7/15)             Temple (1/1) D:6           Sewer (visited)
 Bailey (1/1)

Altars:
Ashenzari
Cheibriados
Fedhas
Gozag
Hepliaklqana
Nemelex Xobeh
Okawaru
Qazlal
Sif Muna
Trog
Uskayaw
Wu Jian
Yredelemnul

Shops:
D:6 (


Innate Abilities, Weirdness & Mutations

You have a pair of horns on your head.
You regenerate health from kills.
Your movements are slightly less encumbered by armour. (ER -2)


Message History

There is an open door here.
As you open the door, it creaks loudly!
An orc comes into view. It is wielding a +0 trident.
The orc shouts!
The orc hits you from afar with a +0 trident.
The orc hits you with a +0 trident.
There is an open door here.
You closely miss the orc. Your headbutt misses the orc.
The orc hits you but does no damage.
You hit the orc. You headbutt the orc, but do no damage.
The orc is moderately wounded.
The orc hits you but does no damage.
You barely miss the orc. Your headbutt misses the orc.
The orc is moderately wounded.
The orc hits you but does no damage.
You slash the orc!
You kill the orc!
No target in view!
Things that are here:
a +0 trident; a +0 ring mail
There is an open door here.
You open the door.
A gnoll comes into view.
It is wielding a +2 halberd of electrocution.
The gnoll shouts!
You hear a shout!
Something unseen opens the door.
You block the gnoll's attack.
A gnoll comes into view.
It is wielding a +1 halberd of electrocution.
The gnoll shouts!
The gnoll hits you but does no damage.
There is an open door here.
You slash the gnoll! Lightning courses through the gnoll!
You kill the gnoll!
The gnoll hits you from afar with a +1 halberd of electrocution!
You are electrocuted!
The gnoll hits you but does no damage.
You are electrocuted!
* * * LOW HITPOINT WARNING * * *
Things that are here:
a +2 halberd of electrocution; a gnoll corpse The gnoll attacks as you move away!
The gnoll hits you but does no damage.
You are electrocuted!
You die...

#.###.# #.#.#
##'##'##+# #+
##.....#
###.....#
#.'..⌠..+
###.....#
##.....##
##'##'##'###+
#.###)###@g.#
### ### #####


You could see a gnoll.

Vanquished Creatures
  A vampire (D:6)
  A water moccasin (D:7)
  3 black bears
  2 ogres
  2 phantoms (D:5)
  A kobold brigand (D:3)
  4 bullfrogs
  3 scorpions
  5 wights (D:7)
  A howler monkey (D:5)
  3 jellies (D:6)
  4 hounds
  A sleepcap (D:5)
  5 iguanas
  18 gnolls
  20 adders
  An ufetubus (D:5)
  5 worms
  A dart slug (D:3)
  10 orcs
  10 bats (D:1)
  14 endoplasms
  6 giant cockroaches
  8 goblins
  8 hobgoblins
  5 jackals
  6 kobolds
  10 quokkas
  13 ball pythons
  11 frilled lizards
  4 rats
186 creatures vanquished.

Vanquished Creatures (others)
  17 plants
17 creatures vanquished.

Grand Total: 203 creatures vanquished

Notes
Turn   | Place    | Note
-------+----------+-------------------------------------------
     0 | D:1      | mopl the Demonspawn Fighter began the quest for the Orb.
     0 | D:1      | Reached XP level 1. HP: 18/18 MP: 1/1
    12 | D:1      | Reached skill level 2 in Axes
    63 | D:1      | You fall into a shaft and drop 1 floor!
    89 | D:2      | Gained mutation: You regenerate a little health from kills.
                  | [demonic ancestry]
    89 | D:2      | Reached XP level 2. HP: 23/24 MP: 2/2
   309 | D:2      | Reached skill level 3 in Axes
   326 | D:1      | Reached XP level 3. HP: 28/29 MP: 3/3
   445 | D:1      | Noticed a shining eye
   446 | D:1      | Found a faded altar of an unknown god.
   448 | D:1      | Noticed a golden eye
   448 | D:1      | Noticed a golden eye
   448 | D:1      | Noticed a great orb of eyes
   936 | D:2      | Reached skill level 4 in Axes
   936 | D:2      | Gained mutation: You have a pair of small horns on your
                  | head. [demonic ancestry]
   936 | D:2      | Reached XP level 4. HP: 31/35 MP: 4/4
  1472 | D:3      | Noticed a kobold brigand
  1487 | D:3      | Killed a kobold brigand
  1488 | D:3      | Reached skill level 5 in Axes
  1488 | D:3      | Gained mutation: You have a pair of horns on your head.
                  | [demonic ancestry]
  1488 | D:3      | Reached XP level 5. HP: 24/41 MP: 5/5
  2112 | D:4      | Noticed a black bear
  2120 | D:4      | Killed a black bear
  2121 | D:4      | Reached skill level 6 in Axes
  2121 | D:4      | Reached XP level 6. HP: 41/47 MP: 6/6
  2599 | D:4      | Reached skill level 7 in Axes
  2704 | D:4      | Reached XP level 7. HP: 32/52 MP: 7/7
  3218 | D:5      | Entered Level 5 of the Dungeon
  3391 | D:5      | Reached skill level 8 in Axes
  3391 | D:5      | Reached skill level 3 in Armour
  3519 | D:5      | Gained mutation: Your movements are slightly less
                  | encumbered by armour. (ER -2) [demonic ancestry]
  3519 | D:5      | Reached XP level 8. HP: 50/58 MP: 8/8
  3901 | D:5      | Reached skill level 4 in Armour
  3916 | D:5      | Reached skill level 9 in Axes
  4127 | D:6      | Found Uliasko's Weapon Shoppe.
  4312 | D:6      | Found an ornate altar of the Wu Jian Council.
  4362 | D:6      | HP: 1/58 [something (15)]
  4451 | D:6      | Found a staircase to the Ecumenical Temple.
  4746 | D:6      | Found a glowing drain.
  4755 | D:6      | Reached skill level 5 in Armour
  4774 | Sewer    | Entered a sewer
  5105 | Sewer    | Reached skill level 10 in Axes
  5108 | Sewer    | Gained mutation: You regenerate health from kills. [demonic
                  | ancestry]
  5108 | Sewer    | Reached XP level 9. HP: 34/63 MP: 9/9
  5471 | Temple   | Entered the Ecumenical Temple
  5789 | D:7      | Reached skill level 1 in Long Blades
  5838 | D:7      | Reached skill level 2 in Long Blades
  5847 | D:7      | Reached skill level 3 in Long Blades
  5882 | D:7      | Found a flagged portal.
  5891 | D:7      | Identified the +4 halberd "Waick" {heavy, Str+2}
  5898 | Bailey   | Entered a bailey
  6240 | Bailey   | Slain by a gnoll

Illustrated notes

Levels and vault maps discovered:
D:1:      dpeg_arrival_boxes_within_box, layout_rooms,
          hellmonk_ecumenical_altar_watching_god, minmay_misc_feat_diagonals
D:2:      layout_basic, grunt_ministairs_3
D:3:      layout_basic, nicolae_grassy_gnolls
D:4:      kennysheep_spiral_hall, layout_loops_ring, minmay_cut_off
D:5:      layout_basic, minmay_misc_feat_columns, grunt_ministairs_8,
          saegor_snake_ambush
D:6:      layout_cave_pools, nicolae_wu_jian_wuxing_cycle,
          minmay_temple_entry_statues_pillars, serial_shops, shop,
          cheibrodos_sewer_entry_bend, minivault_5
D:7:      layout_basic, mainiacjoe_overflow_cross_hatched, enter_bailey_2
Temple:   nicolae_temple_bog_church
Bailey:   bailey_polearm_nasty_gnolls, bailey

Skill      XL: |  1  2  3  4  5  6  7  8  9 |
---------------+----------------------------+-----
Axes           | 2 3 4 5 6 7 8 10 | 10.1
Armour         | 3 5 |  5.2
Long Blades    | 3 |  3.7
Fighting       | |  3.0
Shields        | |  2.6

Action                     |  1- 3 |  4- 6 |  7- 9 || total
---------------------------+-------+-------+-------++-------
  Melee: War axe           |   104 |   183 |   352 ||   639
         Headbutt          |       |    27 |    58 ||    85
  Throw: Dart              |       |     3 |     5 ||     8
  Evoke: Wand              |       |       |     5 ||     5
    Use: Potion            |       |     2 |     9 ||    11
         Scroll            |       |       |     3 ||     3
 Armour: Scale mail        |    78 |    67 |       ||   145
         Gold dragon scale |       |       |   322 ||   322
  Dodge: Dodged            |    47 |    95 |    52 ||   194
  Block: Buckler           |    27 |    33 |    85 ||   145

Table legend: (Time is in decaauts)
 A = Elapsed time spent in this place.
 B = Non-inter-level travel time spent in this place.
 C = Inter-level travel time spent in this place.
 D = Time resting spent in this place.
 E = Time spent auto-exploring this place.
 F = Levels seen in this place.
 G = Mean time per level.
                   A        B        C        D        E       F      G
               +--------+--------+--------+--------+--------+-----+--------+
         Total |   6450 |   6054 |    396 |    659 |   3344 |  10 |  645.0 |
       Dungeon |   5401 |   5023 |    378 |    323 |   3003 |   7 |  771.6 |
        Temple |    197 |    180 |     17 |      0 |    157 |   1 |  197.0 |
         Sewer |    508 |    508 |      0 |    182 |    134 |   1 |  508.0 |
        Bailey |    342 |    342 |      0 |    154 |     49 |   1 |  342.0 |
               +--------+--------+--------+--------+--------+-----+--------+

Top non-repeatable levels by time:
     D:4: 1200 daAuts
     D:5: 952 daAuts
     D:2: 891 daAuts
     D:6: 869 daAuts
     D:3: 672 daAuts
     D:1: 592 daAuts
   Sewer: 508 daAuts
  Bailey: 342 daAuts
     D:7: 222 daAuts
  Temple: 197 daAuts
